 Dungeon Crawl Stone Soup version 0.29-a0-732-g3d7fbe0af2 (webtiles) character file.

Game seed: 12462151774373797472

22 bjtr the Vexing (level 2, -2/14 HPs)
             Began as a Spriggan Arcane Marksman on June 30, 2022.
             Slain by a hobgoblin (6 damage)
             ... led by Robin
             ... on level 1 of the Dungeon.
             The game lasted 00:06:44 (1363 turns).

bjtr the Vexing (Spriggan Arcane Marksman)          Turns: 1363, Time: 00:06:45

Health: -2/14      AC:  2    Str:  6    XL:     2   Next: 68%
Magic:  5/5        EV: 17    Int: 20    God:
Gold:   79         SH:  0    Dex: 15    Spells: 3/4 levels left

rFire   . . .      SeeInvis +   b - +0 short sword
rCold   . . .      Faith    .   (no shield)
rNeg    . . .      Spirit   .   c - +0 robe
rPois   .          Reflect  .   (helmet restricted)
rElec   .          Harm     .   (no cloak)
rCorr   .          Rampage  .   (gloves unavailable)
Will    .....                   (boots unavailable)
Stlth   +.........              (no amulet)
HPRegen 0.04/turn               i - +6 ring of intelligence
MPRegen 0.09/turn               (no ring)

@: very quick
A: very small, no large weapons, unfitting armour, see invisible, speed 3
a: no special abilities


You were on level 1 of the Dungeon.
You visited 1 branch of the dungeon, and saw 2 of its levels.

You collected 79 gold pieces.

Inventory:

Hand Weapons
 a - a +0 sling
 b - a +0 short sword (weapon)
Missiles
 f - 11 stones
 g - 2 poisoned darts
Armour
 c - a +0 robe (worn)
Jewellery
 i - a +6 ring of intelligence (left hand)
Scrolls
 d - a scroll of vulnerability
 e - a scroll of fear
Potions
 h - a potion of berserk rage {unknown}


   Skills:
 - Level 0.7 Fighting
 + Level 3.4 Ranged Weapons
 + Level 2.7 Dodging
 + Level 1.9 Spellcasting
 + Level 4.0 Hexes


You had 3 spell levels left.
You knew the following spells:

 Your Spells              Type           Power      Damage    Failure   Level
a - Slow                  Hex            68%        N/A       3%          1

Your spell library contained the following spells:

 Spells                   Type           Power      Damage    Failure   Level
 Summon Small Mammal      Summ           4%         N/A       16%         1
 Inner Flame              Hex/Fire       9%         N/A       22%         3
 Portal Projectile        Hex/Tloc       18%        N/A       22%         3
 Summon Guardian Golem    Hex/Summ       9%         N/A       22%         3
 Call Canine Familiar     Summ           1%         N/A       43%         3
 Cause Fear               Hex            8%         N/A       30%         4


Dungeon Overview and Level Annotations

Branches:
Dungeon (2/15)

Altars:

Annotations:
D:2 Robin


Innate Abilities, Weirdness & Mutations

You are very small and have problems with some larger weapons.
You are too small for most types of armour.
You have supernaturally acute eyesight. (SInv)
You cover ground extremely quickly. (Speed+++)


Message History

Fire: a) +0 sling
Press: ? - help, Shift-Dir - straight line, f/p - goblin
Aim: a goblin, wielding a +0 dagger You shoot a sling bullet.
The sling bullet hits the goblin.
The goblin is severely wounded.
Unknown command.
Fire: a) +0 sling
Press: ? - help, Shift-Dir - straight line, f - Robin, p - goblin
Aim: Robin, wielding a +0 spear, wearing a +0 animal skin and wearing a +0 helmet You shoot a sling bullet.
The sling bullet hits the goblin.
You kill the goblin!
Robin throws the goblin at you!
Your Hexes skill increases to level 4!
Unknown command.
Fire: a) +0 sling
Press: ? - help, Shift-Dir - straight line, f/p - Robin
Aim: Robin, wielding a +0 spear, wearing a +0 animal skin and wearing a +0 helmet You shoot a sling bullet.
The sling bullet barely misses the hobgoblin.
The sling bullet closely misses the hobgoblin.
The sling bullet hits Robin.
Robin is moderately wounded.
The goblin hits you but does no damage.
Unknown command.
The goblin misses you. The hobgoblin completely misses you.
Robin roars a battlecry!
The goblins go into a battle-frenzy!
You hear a shout!
You climb upwards.
There is a stone staircase leading down here.
b - a +0 short sword (weapon)
The hobgoblin hits you. The goblin closely misses you.
You closely miss the goblin. The hobgoblin hits you.
* * * LOW HITPOINT WARNING * * *
The goblin misses you.
Unknown command.
You hit the goblin.
The goblin is severely wounded.
The hobgoblin hits you.
You die...

#.)###................####
#..#..............#######
#..#.##.#.........###...##
#..#.#............♣P##.##P
#.............###...P#'#♣.
#..######.##..###.........
#................#..♣#.#..
##.######g########♣♣##.##♣
#.# #@g.......# #<..## #.#
#####.###.######## #.#
###.# #......... #.# #...#
#######... #.#
#.###########... #.####
##...............
#....####....#########...
#....##.......# #...
#....##.#.)..## #...


You could see a hobgoblin (strong) and a goblin (strong).

Vanquished Creatures
  A dart slug (D:1)
  2 ball pythons (D:1)
  2 giant cockroaches
  2 hobgoblins (D:1)
  A bat (D:1)
  5 goblins (D:2)
  4 kobolds (D:1)
  3 rats (D:1)
20 creatures vanquished.

Notes
Turn   | Place    | Note
-------+----------+-------------------------------------------
     0 | D:1      | bjtr the Spriggan Arcane Marksman began the quest for the
                  | Orb.
     0 | D:1      | Reached XP level 1. HP: 9/9 MP: 3/3
   324 | D:1      | Found a faded altar of an unknown god.
   819 | D:1      | Reached XP level 2. HP: 14/14 MP: 3/5
  1335 | D:2      | Noticed Robin
  1358 | D:2      | Reached skill level 4 in Hexes
  1363 | D:1      | Slain by a hobgoblin

Illustrated notes

Levels and vault maps discovered:
D:1:      sevenhm_arrival_forest_fort_small_4, layout_basic,
          nicolae_ecumenical_snake_handling
D:2:      layout_rooms, basic_altar, kennysheep_decorative_pillar,
          solitary_fountain, uniq_terence, uniq_robin

Skill      XL: |  1  2 |
---------------+-------+-----
Ranged Weapons | 3 |  3.4
Hexes          | 4 |  4.0
Fighting       | |  0.7
Dodging        | |  2.7
Spellcasting   | |  1.9

Action                   || total
-------------------------++-------
Melee: Short sword       ||     2
 Fire: Sling             ||    91
 Cast: Slow              ||     9
  Use: Scroll            ||     1
Armor: Robe              ||     7
Dodge: Dodged            ||    27

Table legend: (Time is in decaauts)
 A = Elapsed time spent in this place.
 B = Non-inter-level travel time spent in this place.
 C = Inter-level travel time spent in this place.
 D = Time resting spent in this place.
 E = Time spent auto-exploring this place.
 F = Levels seen in this place.
 G = Mean time per level.
                   A        B        C        D        E       F      G
               +--------+--------+--------+--------+--------+-----+--------+
         Total |   1021 |   1011 |     10 |    213 |    585 |   2 |  510.5 |
       Dungeon |   1021 |   1011 |     10 |    213 |    585 |   2 |  510.5 |
               +--------+--------+--------+--------+--------+-----+--------+

Top non-repeatable levels by time:
     D:1: 985 daAuts
     D:2: 36 daAuts
